 Dungeon Crawl Stone Soup version 0.14-a0-3520-g290746a (webtiles) character file.

164 KaKa the Stinger (level 4, 0/24 HPs)
             Began as a Kobold Venom Mage on Mar 27, 2014.
             Slain by an adder (1 damage)
             ... on Level 2 of the Dungeon.
             The game lasted 00:14:23 (2514 turns).

KaKa the Stinger (Kobold Venom Mage)                Turns: 2514, Time: 00:14:23

HP   0/24        AC  2     Str  7      XL: 4   Next: 90%
MP   2/7         EV 15     Int 14      God:
Gold 72          SH  0     Dex 15      Spells:  3 memorised,  1 level left

rFire  + . .     SeeInvis .     i - +0 dagger
rCold  + . .     Clarity  .     a - +0 robe
rNeg   . . .     Conserve .     (no shield)
rPois  +         rCorr    .     (no helmet)
rElec  +         rRot     .     (no cloak)
SustAb . .       Spirit   .     (no gloves)
rMut   .         Warding  .     (no boots)
Saprov + + .     Stasis   .     (no amulet)
MR     .....                    (no ring)
                                l - ring of wizardry

@: not resistant to hostile enchantments, stealthy
A: disease resistance, carnivore 3, saprovore 2
a: no special abilities


You were on level 2 of the Dungeon.
You were very full.

You visited 1 branch of the dungeon, and saw 3 of its levels.

You collected 72 gold pieces.

Inventory:

Hand weapons
 i - a +0,+0 dagger (weapon)
Missiles
 g - 19 steel darts (quivered)
Armour
 a - a +0 robe (worn)
Comestibles
 c - 2 meat rations
 r - a rotting chunk of bat flesh
 s - a rotting chunk of ball python flesh
Scrolls
 f - 2 scrolls of enchant armour {unknown}
 h - 3 scrolls of identify {unknown}
 k - a scroll of remove curse {unknown}
 m - 2 scrolls of enchant weapon I {unknown}
 n - a scroll of blinking {unknown}
 q - a scroll of noise {unknown}
Jewellery
 l - a ring of wizardry (left hand)
Potions
 d - 2 potions of invisibility {unknown}
 e - 2 potions of resistance
 o - a potion of poison {unknown}
 p - a potion of haste {unknown}
Books
 b - a Young Poisoner's Handbook

   Spells                             Type                      Level
   *Sting                             Conjuration/Poison           1
   *Cure Poison                       Poison                       2
   *Mephitic Cloud                    Conjuration/Poison/Air       3
   Olgreb's Toxic Radiance            Poison                       4
   Venom Bolt                         Conjuration/Poison           5
Miscellaneous
 j - a plain deck of defence


   Skills:
 - Level 2.5 Dodging
 - Level 2.6 Stealth
 - Level 2.0 Spellcasting
 + Level 3.5 Conjurations
 - Level 4.0 Poison Magic


You had one spell level left.
You knew the following spells:

 Your Spells              Type           Power        Failure   Level  Hunger
a - Sting                 Conj/Pois      ##..         2%          1    ##.....
b - Mephitic Cloud        Conj/Pois/Air  #.......     10%         3    ####...
c - Cure Poison           Pois           ##........   4%          2    ###....


Dungeon Overview and Level Annotations

Branches:
Dungeon (3/15)

Altars:
Nemelex Xobeh


Innate Abilities, Weirdness & Mutations

You recuperate from illness quickly.
You are small and have problems with some larger weapons.
You are carnivorous and can eat meat at any time.
You can eat rotten meat.


Message History

Aiming: Sting
Press: ? - help, Shift-Dir - straight line, f/p - adder
Aim: an adder (moderately wounded, poisoned)
The sting misses the adder.
The adder barely misses you. The adder completely misses you.
Casting: Sting
Confirm with . or Enter, or press ? or * to list all spells.
Aiming: Sting
Press: ? - help, Shift-Dir - straight line, f/p - adder
Aim: an adder (moderately wounded, poisoned)
The sting hits the adder.
The adder looks even sicker.
The adder is heavily wounded.
The adder bites you.
* * * LOW HITPOINT WARNING * * *
The adder bites you.
* * * LOW HITPOINT WARNING * * *
You closely miss the adder.
The adder is severely wounded.
The adder bites you.
You die...

########## .........############
......).............#
.........####.......#############
.........####...............%....
..............>S@................
.......%.####.......####.#######.
###)###### ######..##.....## #.
#.# ##..##..8..####.
###.######### #..###.(..#.##.
............#######..###...#...#.
..................#..#.#...#.###.
###.........#####.#..##.)..#.##..
#.........# #.#.##...##.##.#.


You could see an adder.

Vanquished Creatures
  An adder (D:2)
  2 gnolls (D:2)
  A worm (D:2)
  2 giant geckos (D:2)
  An ooze (D:1)
  6 orcs (D:2)
  A giant cockroach (D:2)
  7 goblins
  6 hobgoblins
  6 kobolds
  A quokka (D:2)
  2 ball pythons
  7 bats
  A giant newt (D:1)
  7 rats
51 creatures vanquished.

Notes
Turn   | Place    | Note
--------------------------------------------------------------
     0 | D:1      | KaKa, the Kobold Venom Mage, began the quest for the Orb.
     0 | D:1      | Reached XP level 1. HP: 10/10 MP: 3/3
   303 | D:1      | Found a sparkling altar of Nemelex Xobeh.
   366 | D:1      | Reached XP level 2. HP: 15/15 MP: 2/4
   411 | D:1      | Reached skill level 1 in Conjurations
  1184 | D:2      | Reached XP level 3. HP: 19/19 MP: 0/6
  1654 | D:2      | Reached XP level 4. HP: 7/24 MP: 0/7
  1927 | D:2      | Learned a level 3 spell: Mephitic Cloud
  2017 | D:2      | Learned a level 2 spell: Cure Poison
  2513 | D:2      | HP: 1/24 [adder (4)]
  2514 | D:2      | Slain by an adder

Action                   |  1- 3 |  4- 6 || total
-------------------------+-------+-------++-------
Melee: Dagger            |    42 |    25 ||    67
       Unarmed           |     1 |       ||     1
Throw: Dart              |    12 |       ||    12
 Cast: Sting             |    83 |    41 ||   124
       Mephitic Cloud    |       |     4 ||     4
  Use: Potion            |       |     1 ||     1
